 Seeded DCSS version 0.32-a0-450-g080537f31e (webtiles) character file.

Game seed: 6965631656755398118 (custom seed)

392 CougarLife the Digger (level 6, -1/32 HPs)
             Began as a Gargoyle Earth Elementalist on Feb 23, 2024.
             Slain by a gnoll bouda
             ... wielding a +0 club
              (5 damage)
             ... on level 4 of the Dungeon.
             The game lasted 00:03:28 (3723 turns).

CougarLife the Digger (Gargoyle Earth Elementalist) Turns: 3723, Time: 00:03:28

Health: -1/32      AC:  6    Str: 12    XL:     6   Next: 81%
Magic:  0/12       EV: 11    Int: 17    God:
Gold:   269        SH:  0    Dex: 10    Spells: 9/13 levels left

rFire   . . .        c - +1 dagger (venom)
rCold   . . .        (no shield)
rNeg    + . .        a - +0 robe
rPois   ∞            (no helmet)
rElec   +            (no cloak)
rCorr   .            (no gloves)
SInv    .            (no boots)
Will    .....        (no amulet)
Stlth   ++           (no ring)
HPRegen 0.25/turn    (no ring)
MPRegen 0.13/turn

%: no passive effects
@: no status effects
A: sickness immunity, AC +4, negative energy resistance 1, electricity
resistance, torment resistance 1, petrification resistance
a: no special abilities


You were on level 4 of the Dungeon.
You visited 1 branch of the dungeon, and saw 4 of its levels.

You collected 269 gold pieces.

Inventory:

Hand Weapons
 c - a +1 dagger of venom (weapon)
Armour
 a - a +0 robe (worn)
Wands
 j - a wand of roots (6)
 l - a wand of mindburst (12)
Scrolls
 e - a scroll of amnesia {unknown}
 h - a scroll of acquirement {unknown}
 k - 3 scrolls of identify {unknown}
 q - a scroll of poison {unknown}
 r - a scroll of noise {unknown}
Potions
 b - a potion of magic
 d - 2 potions of enlightenment {unknown}
 f - a potion of resistance {unknown}
 g - a potion of heal wounds {unknown}
 i - a potion of lignification {unknown}
 m - 2 potions of attraction {unknown}
 n - a potion of cancellation {unknown}
 o - a potion of invisibility {unknown}
 p - 2 potions of curing {unknown}
 s - 3 potions of haste {unknown}


   Skills:
 - Level 1.5 Dodging
 - Level 2.1 Stealth
 + Level 4.1 Spellcasting
 + Level 4.2 Conjurations
 + Level 5.8 Earth Magic


You had 9 spell levels left.
You knew the following spells:

 Your Spells              Type           Power      Damage    Failure   Level
a - Sandblast             Erth           46%        2d11      1%          1
b - Stone Arrow           Conj/Erth      40%        3d9       6%          3

Your spell library contained the following spells:

 Spells                   Type           Power      Damage    Failure   Level
 Passwall                 Erth           23%        N/A       4%          3
 Momentum Strike          Conj/Tloc      20%        3d8       10%         2
 Brom's Barrelling Bould  Conj/Erth      20%        2d4       19%         4
 Blink                    Tloc           6%         N/A       24%         2
 Lesser Beckoning         Tloc           6%         N/A       24%         2
 Petrify                  Alch/Erth      13%        N/A       43%         4
 Borgnjor's Vile Clutch   Necr/Erth      6%         N/A       78%         5
 Animate Dead             Necr           3%         N/A       83%         4
 Death Channel            Necr           1%         N/A       100%        6


Dungeon Overview and Level Annotations

Branches:
Dungeon (4/15)
 Temple: D:4-7

Altars:
Beogh

Shops:
D:1 (!   D:2 *   D:3 [

Annotations:
D:3 3 runed translucent doors, discipleofbeogh's ghost, amateur CoGl


Innate Abilities, Weirdness & Mutations

You are immune to sickness and miasma.
Your stone body is resilient. (AC +4)
You are immune to poison.
You resist negative energy. (rN+)
You are resistant to electric shocks. (rElec)
You are resistant to unholy torment.
You are immune to petrification.


Message History

The gnoll bouda is heavily wounded.
Your attacks no longer feel as feeble.
The gnoll bouda utters an invocation to its god.
The gnoll bouda is healed somewhat.
You hit the gnoll bouda but do no damage.
The gnoll bouda looks as sick as possible!
The gnoll bouda is moderately wounded.
The gnoll bouda hits you but does no damage.
You hit the gnoll bouda but do no damage.
The gnoll bouda looks as sick as possible!
The gnoll bouda is heavily wounded.
The gnoll bouda closely misses you.
Casting: Sandblast (safe; 1% risk of failure)
Confirm with . or Enter, or press ? or * to list all spells.
Aiming: Sandblast (safe; 1% risk of failure)
Press: ? - help, Shift-Dir - straight line, f/p - gnoll bouda
Aim: a gnoll bouda, wielding a +0 club and wearing a +0 robe (severely wounded, extremely poisoned, 85% to hit)
The blast of sand hits the gnoll bouda but does no damage.
The gnoll bouda is severely wounded.
The gnoll bouda hits you but does no damage.
You closely miss the gnoll bouda.
The gnoll bouda is almost dead.
The gnoll bouda mumbles some strange prayers to its god.
The gnoll bouda is healed somewhat.
You hit the gnoll bouda but do no damage.
The gnoll bouda looks as sick as possible!
The gnoll bouda is severely wounded.
The gnoll bouda misses you.
You closely miss the gnoll bouda.
The gnoll bouda is severely wounded.
The gnoll bouda barely misses you.
You closely miss the gnoll bouda.
The gnoll bouda is severely wounded.
The gnoll bouda hits you with a +0 club!
* * * LOW HITPOINT WARNING * * *
You hit the gnoll bouda but do no damage.
The gnoll bouda looks as sick as possible!
The gnoll bouda is almost dead.
The gnoll bouda hits you with a +0 club.
You die...

......###...# ..####.#
....#####...####......
#...# #......##.....#
##..####..........#
##..##...#..÷....# .
##......##......# .#
##......##.....## ..#
#.......##.....#### #.#
##..###...##...@g..###..#
##...#
##...#......).....###
#...##
##.....#####....)...
...## ##...## #........
##.# ###.....# #.........
### ###..PP..P#
#).....##..
#....P...P##....#### .
##..#P...P#g...##
###.P........#


You could see a gnoll bouda (extremely poisoned).

Vanquished Creatures
  A phantom (D:3)
  A bombardier beetle (D:3)
  Ijyb (D:3)
  Natasha (twice) (D:2)
  An orc wizard (D:4)
  Robin (D:2)
  5 gnolls
  4 adders
  2 ribbon worms
  A dart slug (D:4)
  2 orcs (D:4)
  7 ball pythons
  7 endoplasms
  3 giant cockroaches
  9 goblins (D:2)
  7 hobgoblins
  7 jackals
  7 kobolds
  3 quokkas (D:2)
  7 bats
  3 frilled lizards (D:1)
  2 rats (D:1)
83 creatures vanquished.

Notes
Turn   | Place    | Note
-------+----------+-------------------------------------------
     0 | D:1      | CougarLife the Gargoyle Earth Elementalist began the quest
                  | for the Orb.
     0 | D:1      | Reached XP level 1. HP: 10/10 MP: 3/3
    60 | D:1      | Found Ashripp's Weapon Shoppe.
   101 | D:1      | Reached XP level 2. HP: 5/15 MP: 1/5
   207 | D:1      | Reached skill level 4 in Earth Magic
   724 | D:1      | Reached XP level 3. HP: 13/19 MP: 3/6
   796 | D:1      | Found Baxzixzy's Distillery.
  1167 | D:2      | Noticed Natasha
  1171 | D:2      | Killed Natasha
  1172 | D:2      | Reached XP level 4. HP: 24/24 MP: 5/8
  1253 | D:2      | Found Sozous's Assorted Antiques.
  1668 | D:2      | Identified the +2 kite shield of Untold Secrets {Str+4
                  | Int+5 Slay-3 SInv}
  1702 | D:2      | Noticed Natasha
  1704 | D:2      | Killed Natasha
  1710 | D:2      | Noticed Robin
  1738 | D:2      | Killed Robin
  1739 | D:2      | Reached XP level 5. HP: 18/28 MP: 2/9
  2116 | D:3      | Noticed Ijyb
  2125 | D:3      | Killed Ijyb
  2126 | D:3      | Reached skill level 5 in Earth Magic
  2445 | D:3      | Noticed a phantom
  2452 | D:3      | Killed a phantom
  2453 | D:3      | Reached XP level 6. HP: 29/32 MP: 5/11
  2645 | D:3      | Found Tiomocil's Antique Armour Boutique.
  2774 | D:3      | Found a runed translucent gate.
  2781 | D:3      | Found a runed translucent gate.
  2781 | D:3      | Identified the +1 leather armour of Insurance {Rampage
                  | rCorr}
  2782 | D:3      | Found a runed translucent gate.
  2788 | D:3      | Noticed discipleofbeogh's ghost (amateur CoGl)
  2923 | D:3      | Found a roughly hewn altar of Beogh.
  3026 | D:4      | Learned a level 3 spell: Stone Arrow
  3723 | D:4      | Slain by a gnoll bouda

Illustrated notes

Levels and vault maps discovered:
D:1:      dpeg_arrival_solitude, layout_loops_corners, serial_shops, shop, shop
D:2:      layout_loops_cross, serial_shops, shop, uniq_natasha, uniq_robin
D:3:      layout_loops_ring, biasface_ghost_orc_armoury, serial_shops,
          nicolae_shop_tiny_real_fake_doors, uniq_ijyb
D:4:      layout_layer_cave, minmay_gold_behind_fungi

Skill      XL: |  1  2  3  4  5  6 |
---------------+-------------------+-----
Earth Magic    | 4 5 |  5.8
Conjurations   | 2 3 4 |  4.2
Spellcasting   | 3 4 |  4.1
Dodging        | |  1.5
Stealth        | |  2.1

Action                     |  1- 3 |  4- 6 || total
---------------------------+-------+-------++-------
  Melee: Dagger            |    10 |    24 ||    34
   Cast: Sandblast         |    34 |    93 ||   127
         Stone Arrow       |       |     6 ||     6
   Stab: Sleeping          |       |     1 ||     1
 Armour: Robe              |    24 |    50 ||    74
  Dodge: Dodged            |    28 |    45 ||    73

Table legend: (Time is in decaauts)
 A = Elapsed time spent in this place.
 B = Non-inter-level travel time spent in this place.
 C = Inter-level travel time spent in this place.
 D = Time resting spent in this place.
 E = Time spent auto-exploring this place.
 F = Levels seen in this place.
 G = Mean time per level.
                   A        B        C        D        E       F      G
               +--------+--------+--------+--------+--------+-----+--------+
         Total |   3786 |   3657 |    129 |    385 |   2702 |   4 |  946.5 |
       Dungeon |   3786 |   3657 |    129 |    385 |   2702 |   4 |  946.5 |
               +--------+--------+--------+--------+--------+-----+--------+

Top non-repeatable levels by time:
     D:1: 1048 daAuts
     D:2: 1048 daAuts
     D:3: 951 daAuts
     D:4: 737 daAuts
